 Dungeon Crawl Stone Soup version 0.16-a0-1784-gf5591c9 (webtiles) character file.

1190 Gorice the Cutter (level 8, -11/60 HPs)
             Began as a Demonspawn Wanderer on Nov 1, 2014.
             Was an Initiate of Kikubaaqudgha.
             Mangled by Prince Ribbit (14 damage)
             ... on level 5 of the Dungeon.
             The game lasted 00:37:02 (4970 turns).

Gorice the Cutter (Demonspawn Wanderer)             Turns: 4970, Time: 00:37:02

Health: -11/60     AC:  4    Str: 13    XL:     8   Next: 20%
Magic:  18/18      EV: 18    Int: 12    God:    Kikubaaqudgha [......]
Gold:   159        SH:  0    Dex: 16    Spells: 0 memorised, 7 levels left

rFire  . . .     SeeInvis .     a - +1 short sword
rCold  . . .     Clarity  .     B - +2 robe {rN+}
rNeg   + . .     SustAb   .     (no shield)
rPois  .         Gourm    .     (helmet restricted)
rElec  .         Spirit   .     (no cloak)
rCorr  .         Warding  .     (no gloves)
rMut   .         Stasis   .     (no boots)
MR     .....                    (no amulet)
Stlth  +++.......               y - cursed ring of magical power
                                k - ring of stealth

@: not resistant to hostile enchantments, fairly stealthy
A: horns 2, repulsion field 2
a: Renounce Religion


You were on level 5 of the Dungeon.
You worshipped Kikubaaqudgha.
Kikubaaqudgha was noncommittal.
You were hungry.

You visited 2 branches of the dungeon, and saw 6 of its levels.

You collected 159 gold pieces.

Inventory:

Hand weapons
 a - a +1 short sword (weapon)
 b - a +0 hunting sling
 d - a +1 dagger of speed
 i - a +0 long sword
 m - a +1 whip of freezing
Missiles
 e - 44 poisoned needles
 j - 19 bolts
 w - 9 sling bullets
 A - 6 steel sling bullets
 Z - 78 stones (quivered)
Armour
 v - a +2 leather armour
 B - a +2 robe of positive energy (worn)
Jewellery
 k - a ring of stealth (left hand)
 y - a cursed ring of magical power (right hand)
Scrolls
 g - 3 scrolls of identify
 p - a scroll of recharging
 q - a scroll of enchant armour {unknown}
 u - 5 scrolls of remove curse
Potions
 h - a potion of flight
 n - a potion of magic
 r - a potion of brilliance
Comestibles
 c - 2 chunks of flesh
 f - a bread ration
 o - 2 meat rations
 s - 7 fruits
 z - a royal jelly


   Skills:
 - Level 4.0 Fighting
 * Level 7.0 Short Blades
 + Level 4.8 Dodging
 - Level 3.0 Stealth
 - Level 1.7 Unarmed Combat
   Level 1.0 Evocations


You had 7 spell levels left.
You didn't know any spells.

Dungeon Overview and Level Annotations

Branches:
Dungeon (5/15)             Temple (1/1) D:4

Altars:
Ashenzari
Cheibriados
Dithmenos
Elyvilon
Fedhas
Gozag
Kikubaaqudgha
Makhleb
Nemelex Xobeh
Okawaru
Qazlal
Ru
Sif Muna
Vehumet
Xom
Yredelemnul
Zin
The Shining One

Annotations:
D:3 pUX: Siggers!, Sigmund
D:5 Prince Ribbit


Innate Abilities, Weirdness & Mutations

You have a pair of horns on your head.
You are surrounded by a moderate repulsion field (EV +3).


Message History

Your headbutt misses Prince Ribbit.
Prince Ribbit is lightly wounded.
Prince Ribbit hits you.
You miss Prince Ribbit.
Prince Ribbit is lightly wounded.
Prince Ribbit misses you. Prince Ribbit hits you!
* * * LOW HITPOINT WARNING * * *
You completely miss Prince Ribbit.
Prince Ribbit is lightly wounded.
Prince Ribbit barely misses you.
You hit Prince Ribbit. Your headbutt misses Prince Ribbit.
Prince Ribbit is lightly wounded.
Prince Ribbit hits you!
* * * LOW HITPOINT WARNING * * *
You hit Prince Ribbit.
Your headbutt passes through Prince Ribbit as he momentarily phases out.
Prince Ribbit is lightly wounded.
Prince Ribbit hits you!
You die...
Kikubaaqudgha rasps: "You have failed me!
Welcome... death!"

##### ######...# .......#
#........# ........#
#........# .........#
#........## ..........#
##........## ##
....(.....# #.........))
.# .....(....#
#......##.#) .#
..<....(...# #..>...##.#.
.# .........@(#
#......##.## .##
.........F.####......##.#
(.#
.#......(#(()........##.#
..#
##...##)#[#####.....##.#
..# #....))#.# ########.#
..##### ##....)#.# ...
..(.... #.....#.# ..(####
#.......# .(.# #########


You could see Prince Ribbit.

Vanquished Creatures
  Pikel (D:5)
  2 ogres
  A phantom (D:4)
  2 hounds
  An orc priest (D:5)
  2 iguanas
  5 orc wizards
  4 worker ants
  An adder (D:2)
  8 gnolls (D:4)
  2 worms
  An orc skeleton (D:4)
  A giant gecko (D:4)
  10 orcs
  2 ball pythons
  7 bats
  4 giant cockroaches
  13 hobgoblins
  3 jackals (D:3)
  2 quokkas
  5 giant newts
  3 goblins
  10 kobolds
  6 rats
96 creatures vanquished.

Vanquished Creatures (others)
  3 slaves (D:5)
  A giant mite (D:5)
  A worm (D:5)
5 creatures vanquished.

Grand Total: 101 creatures vanquished

Notes
Turn   | Place    | Note
--------------------------------------------------------------
     0 | D:1      | Gorice, the Demonspawn Wanderer, began the quest for the Orb.
     0 | D:1      | Reached XP level 1. HP: 19/19 MP: 1/1
   127 | D:1      | Reached skill level 1 in Short Blades
   175 | D:1      | Gained mutation: You are surrounded by a mild repulsion field (EV +2). [demonic ancestry]
   175 | D:1      | Reached XP level 2. HP: 15/25 MP: 2/2
   708 | D:2      | Gained mutation: You have a pair of small horns on your head. [demonic ancestry]
   708 | D:2      | Reached XP level 3. HP: 25/30 MP: 3/3
  1530 | D:3      | Noticed Sigmund
  1632 | D:4      | Found a shadowy altar of Dithmenos.
  1632 | D:4      | Found a deep blue altar of Sif Muna.
  1720 | D:4      | Gained mutation: You are surrounded by a moderate repulsion field (EV +3). [demonic ancestry]
  1720 | D:4      | Reached XP level 4. HP: 37/37 MP: 4/4
  1728 | D:4      | Found a basalt altar of Yredelemnul.
  1734 | D:4      | Found a sacrificial altar of Ru.
  1762 | D:4      | Noticed an ogre
  1784 | D:3      | Found a white marble altar of Elyvilon.
  1824 | D:4      | Killed an ogre
  1824 | D:4      | Reached XP level 5. HP: 19/42 MP: 5/5
  2055 | D:4      | Found a staircase to the Ecumenical Temple.
  2081 | Temple   | Entered the Ecumenical Temple
  2264 | D:4      | Found a shimmering altar of Xom.
  2320 | D:4      | Found an ancient bone altar of Kikubaaqudgha.
  2453 | D:4      | Became a worshipper of Kikubaaqudgha
  2490 | D:4      | Gained mutation: You have a pair of horns on your head. [demonic ancestry]
  2490 | D:4      | Reached XP level 6. HP: 12/48 MP: 7/7
  2761 | D:4      | Noticed a phantom
  2789 | D:4      | Killed a phantom
  3282 | D:5      | Entered Level 5 of the Dungeon
  3445 | D:5      | Noticed Prince Ribbit
  3709 | D:5      | Noticed Pikel
  3762 | D:5      | Killed Pikel
  3762 | D:5      | Reached skill level 6 in Short Blades
  3762 | D:5      | Reached XP level 7. HP: 14/54 MP: 8/8
  4190 | D:5      | Reached XP level 8. HP: 44/60 MP: 9/9
  4881 | D:5      | Reached skill level 7 in Short Blades
  4969 | D:5      | HP: 3/60 [Prince Ribbit (10)]
  4970 | D:5      | Mangled by Prince Ribbit

Action                   |  1- 3 |  4- 6 |  7- 9 || total
-------------------------+-------+-------+-------++-------
Melee: Short sword       |   119 |   164 |    89 ||   372
       Dagger            |    30 |       |     1 ||    31
       Whip              |       |       |    10 ||    10
 Fire: Hunting sling     |    20 |    62 |    45 ||   127
Throw: Stone             |    24 |     2 |     3 ||    29
  Use: Scroll            |     9 |     1 |     1 ||    11
       Potion            |       |     3 |     1 ||     4
 Stab: Sleeping          |     7 |     1 |     1 ||     9
       Distracted        |     1 |       |       ||     1
  Eat: Chunk             |     3 |     6 |     2 ||    11
       Beef jerky        |       |       |     1 ||     1
